 Dungeon Crawl Stone Soup version 0.32-a0-868-g153ae1a8d6 (webtiles) character file.

Game seed: 7202560483333781864

637 ezpacito the Chopper (level 7, 0/54 HPs)
             Began as a Coglin Chaos Knight on Mar 28, 2024.
             Was a Plaything of Xom.
             Slain by a quasit (1 damage)
             ... on level 5 of the Dungeon.
             The game lasted 00:04:37 (3617 turns).

ezpacito the Chopper (Coglin Chaos Knight)          Turns: 3617, Time: 00:04:38

Health: 0/54       AC: 10    Str: 11 (15) XL:     7   Next: 50%
Magic:  9/9        EV:  5    Int: 10 (11) God:    Xom [.....*]
Gold:   244        SH:  0    Dex: 10 (13) Spells: 8/8 levels left

rFire   + . .        a - +0 hand axe (chaos) {Beli-Ashared}
rCold   + . .        e - +0 dagger (venom) {Teicuih}
rNeg    . . .        u - +0 chain mail
rPois   +            (helmet restricted)
rElec   +            (no cloak)
rCorr   +            (no gloves)
SInv    +            o - +0 pair of boots
Will    .....        (amulet unavailable) Stlth
                     (ring unavailable)
HPRegen 0.29/turn    (ring unavailable)
MPRegen 0.11/turn    (no gizmo)

%: no passive effects
@: resistant, revved
A: off-hand wielding, slow wielding, warmup strikes, no jewellery, horns 1, see
invisible, persistent drain
a: Invent Gizmo, Renounce Religion


You were on level 5 of the Dungeon.
You worshipped Xom.
You were Xom's teddy bear.
You visited 1 branch of the dungeon, and saw 5 of its levels.

You collected 244 gold pieces.

Inventory:

Hand Weapons
 a - a +0 hand axe of chaos (weapon) {Beli-Ashared}
 e - a +0 dagger of venom (offhand) {Teicuih}
 h - a +0 spear
Missiles
 m - 2 throwing nets (quivered)
 t - a boomerang
Armour
 o - a +0 pair of boots (worn)
 u - a +0 chain mail (worn)
Magical Staves
 j - a staff of earth {Bonhwa}
 s - a staff of death
Scrolls
 b - a scroll of immolation {unknown}
 d - 2 scrolls of amnesia {unknown}
 f - 2 scrolls of fear {unknown}
 g - 2 scrolls of enchant weapon {unknown}
 i - 2 scrolls of identify {unknown}
 k - 2 scrolls of noise {unknown}
 l - 2 scrolls of teleportation {unknown}
 q - 2 scrolls of blinking {unknown}
 r - a scroll of revelation {unknown}
Potions
 n - a potion of degeneration
 p - a potion of lignification


   Skills:
 * Level 4.1 Fighting
 * Level 4.3(4.5) Axes
 + Level 1.7(3.0) Polearms
 * Level 3.2 Armour
 * Level 2.7 Dodging
 + Level 1.7 Stealth
 + Level 1.3 Spellcasting
 + Level 1.2 Necromancy
 + Level 1.2 Earth Magic
 + Level 2.6 Evocations


You had 8 spell levels left.
You didn't know any spells.
Your spell library contained the following spells:

 Spells                   Type           Power      Damage    Failure   Level
 Foxfire                  Conj/Fire      0%         2x1d4     100%        1
 Ignite Poison            Fire/Alch      0%         N/A       100%        4
 Sticky Flame             Fire/Alch      0%         2d4       100%        4
 Plasma Beam              Fire/Air       0%         2x1d10    100%        6
 Starburst                Conj/Fire      0%         6d3       100%        6
 Ignition                 Fire           0%         3d3       100%        8


Dungeon Overview and Level Annotations

Branches:
Dungeon (5/15)
 Temple: D:4-7

Altars:
Qazlal
Sif Muna
Xom


Innate Abilities, Weirdness & Mutations

You can wield a second weapon in your off-hand.
It takes a long time for you to wield or remove held weapons.
Your first few attacks do less damage.
You cannot equip rings or amulets.
You have a pair of small horns on your head.
You have supernaturally acute eyesight. (SInv)
Your health recovers twice as slowly from being drained.


Message History

The ufetubus hits you but does no damage.
The ufetubus hits you.
* * * LOW HITPOINT WARNING * * *
The ufetubus hits you but does no damage.
The white imp hits you but does no damage.
The quasit barely misses your butterfly.
The quasit closely misses your butterfly. x2
The quasit bites you but does no damage.
The quasit claws you but does no damage.
The quasit completely misses you. The ufetubus barely misses you.
The ufetubus completely misses you.
You take 3 damage, and have 1/54 hp.
You hit the white imp but do no damage.
You headbutt the white imp, but do no damage.
The white imp is severely wounded.
You slash the white imp with your +0 hand axe of chaos!
You kill the white imp!
You hit the ufetubus but do no damage.
The ufetubus becomes as fragile as glass!
You barely miss the quasit with your +0 hand axe of chaos.
The ufetubus barely misses you.
The ufetubus hits you but does no damage.
The quasit bites you but does no damage.
The quasit claws you but does no damage. x2
The quasit bites your butterfly.
Your butterfly dies!
Your butterfly disappears in a burst of colours!
The ufetubus hits you but does no damage. x2
Your crimson imp blinks!
You hit the quasit but do no damage.
The quasit seems to speed up.
Your headbutt misses the quasit.
The quasit is severely wounded.
You hit the ufetubus with your +0 hand axe of chaos.
You hit the quasit but do no damage.
The ufetubus hits you but does no damage. x2
The quasit bites you but does no damage.
The quasit claws you but does no damage.
The quasit claws you.
You die...
Xom yawns loudly!

###### .....# ##########
....5# #... ...#
##.5∩..# #)###
#.#######.5....#
.O..####...O5.b5@..?..#
#.5O........#####§...5..
..b.#######b# ..#####
##b.# .... ..# #bb#
##.#.# ..# b.._. ....#
..# ##.##.# ... . ...
##.# ... ...... .#. ##..
P. .#.#. ##


You could see an ogre (ally target), 2 quasits, 2 white imps, an ufetubus (fast,
vitrified) and a friendly crimson imp (summoned).

Vanquished Creatures
  A water moccasin (D:5)
  2 ogres (D:4)
  A scorpion (D:4)
  A howler monkey (D:4)
  A bombardier beetle (D:4)
  Jessica (D:2)
  An iguana (D:4)
  3 adders
  7 gnolls
  A white imp (D:5)
  5 ribbon worms
  4 orcs
  5 ball pythons
  4 bats
  4 endoplasms
  3 giant cockroaches
  10 goblins
  4 hobgoblins
  4 jackals (D:4)
  4 quokkas
  2 frilled lizards
  8 kobolds
  2 rats
  A butterfly (D:3)
79 creatures vanquished.

Notes
Turn   | Place    | Note
-------+----------+-------------------------------------------
     0 | D:1      | ezpacito the Coglin Chaos Knight began the quest for the
                  | Orb.
     0 | D:1      | Reached XP level 1. HP: 18/18 MP: 1/1
    45 | D:1      | Reached skill level 1 in Dodging
   128 | D:1      | Reached XP level 2. HP: 23/24 MP: 2/2
   331 | D:1      | XOM: divination: detect creatures
   535 | D:2      | XOM: cloud trail
   579 | D:2      | Reached XP level 3. HP: 28/29 MP: 3/3
   654 | D:2      | Noticed Jessica
   665 | D:2      | Killed Jessica
   666 | D:2      | Reached skill level 1 in Evocations
   666 | D:2      | Reached XP level 4. HP: 17/35 MP: 4/4
   904 | D:2      | XOM: divination: detect creatures
   910 | D:2      | XOM: butterfly on damage
   987 | D:2      | XOM: potion effect (brilliance)
   994 | D:2      | Reached skill level 1 in Stealth
   998 | D:1      | XOM: divination: detect creatures
  1409 | D:3      | XOM: divination: detect creatures
  1518 | D:3      | XOM: divination: magic mapping
  1527 | D:3      | XOM: silly message
  1553 | D:3      | Reached XP level 5. HP: 41/41 MP: 5/5
  1570 | D:3      | XOM: divination: detect items
  1811 | D:3      | XOM: silly message
  1887 | D:3      | Found a shimmering altar of Xom.
  1891 | D:3      | Noticed an air elemental
  1899 | D:3      | Found a stormy altar of Qazlal.
  1900 | D:3      | Noticed a fire elemental
  1902 | D:3      | Noticed a water elemental
  1920 | D:3      | Found a faded altar of an unknown god.
  2141 | D:3      | XOM: divination: detect items
  2360 | D:4      | Reached skill level 1 in Polearms
  2368 | D:4      | XOM: god gift: scroll labelled ZEDOC BIUD {god gift}
  2525 | D:4      | Noticed an ogre
  2528 | D:4      | Noticed an ogre
  2540 | D:4      | XOM: divination: detect creatures
  2546 | D:4      | Killed an ogre
  2547 | D:4      | Reached skill level 1 in Spellcasting
  2547 | D:4      | Reached XP level 6. HP: 30/48 MP: 7/7
  2551 | D:4      | XOM: noise
  2552 | D:4      | XOM: noise
  2712 | D:4      | XOM: give mutations
  2712 | D:4      | Gained mutation: Your spells are a little harder to cast,
                  | but a little more powerful. [Xom's mischief]
  2712 | D:4      | Gained mutation: Your health recovers twice as slowly from
                  | being drained. [Xom's mischief]
  2712 | D:4      | Gained mutation: Your body sometimes deteriorates upon
                  | taking damage. [Xom's mischief]
  2712 | D:4      | Gained mutation: You have supernaturally acute eyesight.
                  | (SInv) [Xom's mischief]
  2929 | D:4      | Reached skill level 1 in Necromancy
  2929 | D:4      | Reached XP level 7. HP: 53/54 MP: 8/8
  3201 | D:4      | XOM: summons 2 hostile shadow creatures
  3517 | D:4      | Found a shimmering blue altar of Sif Muna.
  3579 | D:5      | XOM: noise
  3579 | D:5      | Entered Level 5 of the Dungeon
  3588 | D:5      | Reached skill level 1 in Earth Magic
  3592 | D:5      | XOM: scenery: create altars
  3593 | D:5      | Lost mutation: Your body sometimes deteriorates upon taking
                  | damage. [potion of mutation]
  3593 | D:5      | Lost mutation: Your spells are a little harder to cast, but
                  | a little more powerful. [potion of mutation]
  3593 | D:5      | Gained mutation: You have hidden genetic defects. [potion
                  | of mutation]
  3593 | D:5      | Gained mutation: You have a pair of small horns on your
                  | head. [potion of mutation]
  3593 | D:5      | Lost mutation: You have hidden genetic defects. [potion of
                  | mutation]
  3597 | D:5      | XOM: enchant monster (good)
  3607 | D:5      | XOM: enchant monster (good)
  3615 | D:5      | XOM: summons friendly crimson imp
  3615 | D:5      | HP: 2/54 [ufetubus (3)]
  3617 | D:5      | Slain by a quasit

Illustrated notes

Levels and vault maps discovered:
D:1:      saegor_arrival_simple_a, layout_rooms, serial_bayou_pond_c
D:2:      layout_basic, uniq_jessica
D:3:      layout_basic, nicolae_qazlal_style_of_elements, xom_butterflies,
          ebering_ecumenical_altar_hall, grunt_decor_one_mirror,
          kennysheep_cluttered_room
D:4:      layout_basic, led_sif_book
D:5:      layout_loops_ring, chequers_temple_overflow_statue_of_worship,
          minmay_temple_entry_nine_rooms, serial_demonic, serial_demonic_f,
          serial_demonic_d, serial_demonic_b, serial_demonic_e,
          serial_demonic_c, serial_demonic_d, serial_demonic_d,
          serial_demonic_f, uniq_pikel, uniq_crazy_yiuf_cottage, uniq_ijyb

Skill      XL: |  1  2  3  4  5  6  7 |
---------------+----------------------+-----
Dodging        | 1 2 |  2.7
Armour         | 2 3 |  3.2
Evocations     | 1 2 |  2.6
Stealth        | 1 |  1.7
Polearms       | 1 |  1.7
Spellcasting   | 1 |  1.3
Axes           | 4 |  4.3
Fighting       | 4 |  4.1
Necromancy     | 1 |  1.2
Earth Magic    | 1 |  1.2

Action                     |  1- 3 |  4- 6 |  7- 9 || total
---------------------------+-------+-------+-------++-------
  Melee: Hand axe          |    49 |   109 |    36 ||   194
         Dagger            |    10 |    82 |    34 ||   126
         Staff             |    36 |    11 |       ||    47
         Headbutt          |       |       |     1 ||     1
  Throw: Throwing net      |       |     2 |       ||     2
    Use: Potion            |     3 |     1 |     3 ||     7
         Scroll            |       |     2 |     1 ||     3
   Stab: Sleeping          |     3 |     3 |       ||     6
         Petrifying        |       |       |     3 ||     3
         Confused          |       |       |     2 ||     2
         Paralysed         |       |       |     1 ||     1
 Armour: Leather armour    |    28 |    39 |       ||    67
         Skin              |     6 |       |       ||     6
         Chain mail        |       |    38 |    85 ||   123
  Dodge: Dodged            |    30 |    49 |    29 ||   108

Table legend: (Time is in decaauts)
 A = Elapsed time spent in this place.
 B = Non-inter-level travel time spent in this place.
 C = Inter-level travel time spent in this place.
 D = Time resting spent in this place.
 E = Time spent auto-exploring this place.
 F = Levels seen in this place.
 G = Mean time per level.
                   A        B        C        D        E       F      G
               +--------+--------+--------+--------+--------+-----+--------+
         Total |   3644 |   3543 |    101 |    178 |   2706 |   5 |  728.8 |
       Dungeon |   3644 |   3543 |    101 |    178 |   2706 |   5 |  728.8 |
               +--------+--------+--------+--------+--------+-----+--------+

Top non-repeatable levels by time:
     D:4: 1287 daAuts
     D:3: 901 daAuts
     D:2: 842 daAuts
     D:1: 575 daAuts
     D:5: 38 daAuts
